 Dungeon Crawl Stone Soup version 0.29.1-15-g9cfb28693d (webtiles) character file.

Game seed: 15897084821605548742

21 DocClef the Shield-Bearer (level 2, -4/29 HPs)
             Began as a Gnoll Fighter on Mar 2, 2023.
             Slain by Sigmund
             ... wielding a +0 scythe
              (7 damage)
             ... on level 2 of the Dungeon.
             The game lasted 00:00:55 (904 turns).

DocClef the Shield-Bearer (Gnoll Fighter)            Turns: 904, Time: 00:00:56

Health: -4/29      AC: 11    Str: 15    XL:     2   Next: 83%
Magic:  2/2        EV:  9    Int: 11    God:
Gold:   58         SH:  0    Dex: 11    Spells: 2/2 levels left

rFire   . . .      SeeInvis .   h - +4 short sword
rCold   . . .      Faith    .   c - +0 buckler
rNeg    . . .      Spirit   .   b - +0 scale mail
rPois   .          Reflect  .   (no helmet)
rElec   +          Harm     .   (no cloak)
rCorr   .          Rampage  .   i - +2 pair of gloves of Dim Light {rElec Int+4}
Will    .....                   (no boots)
Stlth   ..........              (no amulet)
HPRegen 0.09/turn               (no ring)
MPRegen 0.08/turn               (no ring)

@: confused, attractive
A: fangs 1, strong nose, distributed training
a: no special abilities


You were on level 2 of the Dungeon.
You visited 1 branch of the dungeon, and saw 2 of its levels.

You collected 58 gold pieces.

Inventory:

Hand Weapons
 a - a +0 war axe
 h - a +4 short sword (weapon)
Armour
 b - a +0 scale mail (worn)
 c - a +0 buckler (worn)
 i - the +2 pair of gloves of Dim Light (worn) {rElec Int+4}
   (You found it on level 2 of the Dungeon)

   Int:       It affects your intelligence (+4).
   rElec:     It insulates you from electricity.
Scrolls
 e - a scroll of enchant armour {unknown}
 f - 2 scrolls of teleportation {unknown}
Potions
 d - 3 potions of might


   Skills:
 + Level 6.5 Fighting
 + Level 0.5 Short Blades
 + Level 0.5 Long Blades
 + Level 4.5 Axes
 + Level 0.5 Maces & Flails
 + Level 0.5 Polearms
 + Level 0.5 Staves
 + Level 0.5 Ranged Weapons
 + Level 0.5 Throwing
 + Level 6.5 Armour
 + Level 0.5 Dodging
 + Level 0.5 Stealth
 + Level 6.5 Shields
 + Level 0.5 Unarmed Combat
 + Level 0.5 Spellcasting
 + Level 0.4 Conjurations
 + Level 0.4 Hexes
 + Level 0.4 Summonings
 + Level 0.4 Necromancy
 + Level 0.4 Translocations
 + Level 0.4 Transmutations
 + Level 0.4 Fire Magic
 + Level 0.4 Ice Magic
 + Level 0.4 Air Magic
 + Level 0.4 Earth Magic
 + Level 0.4 Poison Magic
 + Level 0.7 Invocations
 + Level 0.5 Evocations


You had 2 spell levels left.
You didn't know any spells.
Your spell library contained the following spells:

 Spells                   Type           Power      Damage    Failure   Level
 Apportation              Tloc           2%         N/A       77%         1
 Necrotise                Necr           4%         1d4       77%         1
 Summon Small Mammal      Summ           4%         N/A       77%         1


Dungeon Overview and Level Annotations

Branches:
Dungeon (2/15)

Altars:

Annotations:
D:2 Sigmund


Innate Abilities, Weirdness & Mutations

You have very sharp teeth.
Your uncanny sense of smell can sniff out nearby items.
Your experience applies equally to all skills.


Message History

Sigmund is severely wounded.
Sigmund gestures at you while chanting.
You are confused.
You are too confused!
You closely miss Sigmund.
Sigmund is severely wounded.
Sigmund barely misses you.
You hit Sigmund but do no damage.
Sigmund is severely wounded.
Sigmund hits you but does no damage. Sigmund hits you with a +0 scythe.
It was a potion of attraction.
You feel attractive to monsters. Sigmund casts a spell at you.
You are more confused.
Sigmund hits you but does no damage.
You are too injured to fight recklessly!
You bump into the rock wall.
Sigmund gestures wildly while chanting.
Sigmund flickers and vanishes!
Deactivating autopickup; reactivate with Ctrl-A.
You hear a zap.
A puff of flame appears from out of thin air!
The puff of flame misses you.
You are too injured to fight recklessly!
You hear some strange, mumbled words.
You are more confused.
Something is attracted toward you.
You closely miss something. Something hits you!
* * * LOW HITPOINT WARNING * * *
You hit something. Something hits you but does no damage.
You bump into the rock wall.
You hear a zap.
A puff of flame appears from out of thin air!
The puff of flame hits you.
* * * LOW HITPOINT WARNING * * *
You miss something. You bite something. Something hits you.
* * * LOW HITPOINT WARNING * * *
You bump into the rock wall.
Something hits you!
You die...

#.......##.#
#.##..#.##.#
.## #
##..#.##.# ..#
#........# ...#
#.###.#### ...#
#.
##.######...###
..
#...#..........
..
#..$..{........
#...#.@........
#########...###
..# .# #


There were no monsters in sight!

Vanquished Creatures
  3 ball pythons (D:1)
  A bat (D:2)
  An endoplasm (D:2)
  2 giant cockroaches (D:1)
  2 goblins (D:1)
  A hobgoblin (D:2)
  2 kobolds (D:1)
  2 quokkas (D:1)
  2 frilled lizards (D:1)
  2 rats
18 creatures vanquished.

Notes
Turn   | Place    | Note
-------+----------+-------------------------------------------
     0 | D:1      | DocClef the Gnoll Fighter began the quest for the Orb.
     0 | D:1      | Reached XP level 1. HP: 23/23 MP: 1/1
   404 | D:1      | Reached XP level 2. HP: 28/29 MP: 2/2
   758 | D:2      | Identified the +2 pair of gloves of Dim Light {rElec Int+4}
   877 | D:2      | Noticed Sigmund
   904 | D:2      | Slain by Sigmund

Illustrated notes

Levels and vault maps discovered:
D:1:      evilmike_arrival_rings, layout_basic, glass_columns_a, hex_medium,
          st_stairs_10
D:2:      layout_loops_cross, ebering_ecumenical_altar_webs,
          guppyfry_early_orc_mine, uniq_sigmund

Action                   || total
-------------------------++-------
Melee: War axe           ||    28
       Bite              ||     5
       Short sword       ||    25
  Use: Potion            ||     1
Armor: Scale mail        ||    20
Dodge: Dodged            ||    19
Block: Buckler           ||     9
